 Dungeon Crawl Stone Soup version 0.31-a0-859-g9dce7d3444 (webtiles) character file.

Game seed: 9423960087581961765

7158 BinkBink the Skirmisher (level 10, -2/44 (46) HPs)
             Began as a Spriggan Hunter on Oct 10, 2023.
             Was a Believer of Qazlal.
             Killed from afar by Lodul (31 damage)
             ... with a bolt of lightning
             ... on level 10 of the Dungeon.
             The game lasted 00:21:55 (10402 turns).

BinkBink the Skirmisher (Spriggan Hunter)          Turns: 10402, Time: 00:21:56

HP:   -2/44 (46)    AC:  2    Str:  7    XL:     10   Next: 86%
MP:   11/11         EV: 28    Int: 10    God:    Qazlal [**....]
Gold: 449           SH:  8    Dex: 24    Spells: 9/9 levels left

rFire   + . .        a - +0 shortbow (freeze)
rCold   . . .        (shield currently unavailable)
rNeg    . . .        c - +0 robe
rPois   +            (helmet currently unavailable)
rElec   .            (cloak currently unavailable)
rCorr   .            (gloves unavailable)
SInv    +            (boots unavailable)
Will    +....        t - amulet of reflection
Stlth   ++           v - ring of protection from fire
HPRegen 0.27/turn    B - ring of poison resistance
MPRegen 0.12/turn

%: reflection
@: beast-form, lightly drained, very quick
A: beast (slay +4), very small, no large weapons, unfitting armour, see
invisible, speed 3
a: Begin Untransformation, Renounce Religion, Upheaval


You were on level 10 of the Dungeon.
You worshipped Qazlal.
Qazlal was pleased with you.
You were a hulking beast.
You visited 2 branches of the dungeon, and saw 11 of its levels.

You collected 449 gold pieces.

Inventory:

Hand Weapons
 a - a +0 shortbow of freezing (weapon)
 E - the +9 hand axe of Skirmishing {freeze, +Blink rPois rC- Str+7}
   (You took it off a gnoll on level 9 of the Dungeon)

   Str+7:     It affects your strength (+7).
   rC-:       It makes you vulnerable to cold.
   rPois:     It protects you from poison +Blink: It lets you blink.
Missiles
 q - a throwing net
Armour
 c - a +0 robe (worn)
Jewellery
 t - an amulet of reflection (around neck)
 v - a ring of protection from fire (left hand)
 B - a ring of poison resistance (right hand)
Talismans
 k - a beast talisman (active)
Wands
 g - a wand of flame (25)
 i - a wand of roots (5)
 r - a wand of acid (8)
 A - a wand of paralysis (10)
 D - a wand of mindburst (7)
Scrolls
 b - a scroll of butterflies
 d - 5 scrolls of noise
 j - a scroll of immolation
 l - 3 scrolls of enchant armour
 o - 3 scrolls of vulnerability
 s - a scroll of poison
 u - 2 scrolls of blinking
 w - a scroll of teleportation
 y - a scroll of revelation
 F - a scroll of acquirement {unknown}
Potions
 e - a potion of invisibility
 f - a potion of magic
 h - a potion of mutation {unknown}
 m - 3 potions of attraction
 n - 2 potions of haste
 p - 2 potions of brilliance
 x - a potion of heal wounds {unknown}
 z - a potion of cancellation
 C - 2 potions of curing {unknown}


   Skills:
 - Level 1.5 Fighting
 - Level 14.0 Ranged Weapons
 + Level 10.7 Dodging
 - Level 1.5 Stealth
 - Level 7.0 Shapeshifting


You had 9 spell levels left.
You didn't know any spells.
Your spell library contained the following spells:

 Spells                   Type           Power      Damage    Failure   Level
 Magic Dart               Conj           0%         1d3       36%         1
 Ensorcelled Hibernation  Hex/Ice        0%         N/A       50%         2
 Jinxbite                 Hex            0%         N/A       50%         2
 Searing Ray              Conj           0%         2d4       50%         2
 Tukima's Dance           Hex            0%         N/A       75%         3
 Anguish                  Hex/Necr       0%         N/A       98%         4
 Animate Dead             Necr           0%         N/A       98%         4
 Dimensional Bullseye     Hex/Tloc       0%         N/A       98%         4
 Fulminant Prism          Conj/Hex       0%         3d5       98%         4
 Iskenderun's Mystic Bla  Conj/Tloc      0%         2d3       98%         4
 Haunt                    Necr/Summ      0%         N/A       100%        7
 Infestation              Necr           0%         N/A       100%        8


Dungeon Overview and Level Annotations

Branches:
Dungeon (10/15)            Temple (1/1) D:5
   Lair: D:8-11         Orc: D:9-12

Altars:
Ashenzari
Dithmenos
Elyvilon
Fedhas
Gozag
Hepliaklqana
Kikubaaqudgha
Makhleb
Nemelex Xobeh
Okawaru
Qazlal
Ru
Sif Muna
Trog
Uskayaw
Vehumet
Wu Jian
Xom
Yredelemnul
Zin
The Shining One

Annotations:
D:3 1 runed translucent door, Grinder; niknal's ghost, amateur TeWr
D:4 Dowan
D:5 2 transporters
D:10 1 runed translucent door, Josephine; Lodul


Innate Abilities, Weirdness & Mutations

You are a hulking beast.
Your limbs bulge with bestial killing power. (Slay +4)
You are very small and have problems with some larger weapons.
You are too small for most types of armour.
You have supernaturally acute eyesight. (SInv)
You cover ground extremely quickly. (Speed+++)


Message History

The arrow hits the yak but does no damage.
The yak is moderately wounded.
You shoot an arrow. The arrow hits the yak!
The arrow freezes the yak.
The yak is almost dead.
You shoot an arrow. The arrow completely misses the yak.
You shoot an arrow. The arrow closely misses the yak.
Josephine says, "I'll make a rug of your skin."
You shoot an arrow. The arrow hits the yak.
The arrow freezes the yak.
The yak is almost dead.
You shoot an arrow. The arrow barely misses the yak.
The arrow hits Josephine!
The arrow freezes Josephine.
Josephine is lightly wounded.
You shoot an arrow. The arrow hits the yak!
The arrow freezes the yak.
You kill the yak!
Qazlal accepts your kill.
You shoot an arrow. The arrow hits Josephine.
The arrow freezes Josephine.
Josephine is moderately wounded.
You shoot an arrow. The arrow barely misses Josephine.
You shoot an arrow. The arrow hits Josephine.
The arrow freezes Josephine.
Josephine is moderately wounded.
You shoot an arrow. The arrow hits Josephine!
The arrow freezes Josephine.
Josephine is heavily wounded.
You shoot an arrow.
The arrow hits Josephine but does no damage.
Josephine is heavily wounded.
You shoot an arrow. The arrow hits Josephine!
The arrow freezes Josephine.
Josephine is almost dead.
Josephine points at you and mumbles some strange words.
The ghostly flame explodes!
The ghostly fireball engulfs you!!
You feel drained.
You start resting.
Josephine is nearby!
You shoot an arrow. The arrow hits Josephine.
The arrow freezes Josephine.
Josephine is almost dead.
You shoot an arrow. The arrow hits Lodul.
The arrow freezes Lodul.
Lodul is lightly wounded.
Electricity crackles from Lodul's apparatus.
The bolt of lightning hits you!!
Ouch! That really hurt!
You die...

##.......................#...
##.....@...............###..
##...................## ##.
##...................###..
##...........###.....#...
##..........# #.........
##..§......###.........
##........O...........
##.○h................
##..................
##................>
##################


You could see Josephine and Lodul.

Vanquished Creatures
  Maggie (D:9)
  Psyche (D:9)
  2 trolls
  Sigmund (D:5)
  2 wraiths
  A shadow (D:10)
  3 yaks (D:10)
  A wyvern (D:9)
  Grum (D:9)
  A steam dragon (D:7)
  An acid dragon (D:9)
  Duvessa (D:4)
  6 water moccasins
  A black bear (D:5)
  2 ice beasts (D:7)
  3 orc warriors
  8 ogres
  A sky beast (D:6)
  2 wolves (D:9)
  3 centaurs
  Blork the orc (D:4)
  2 kobold brigands
  2 bullfrogs
  2 scorpions (D:5)
  11 wights
  5 killer bees (D:9)
  3 hounds
  A gnoll bouda (D:9)
  7 orc priests
  Ijyb (D:4)
  2 iguanas
  8 orc wizards
  A scorpion zombie (D:3)
  2 hound zombies (D:3)
  11 gnolls
  9 adders
  2 white imps (D:6)
  An ufetubus (D:7)
  A worm (D:3)
  2 dart slugs (D:3)
  40 orcs
  5 bats
  9 endoplasms
  3 giant cockroaches
  16 goblins
  6 hobgoblins
  3 jackals (D:4)
  5 quokkas
  8 ball pythons
  A ball python zombie (D:3)
  3 frilled lizards
  11 kobolds
  3 rats
  A butterfly (D:3)
230 creatures vanquished.

Notes
Turn   | Place    | Note
-------+----------+-------------------------------------------
     0 | D:1      | BinkBink the Spriggan Hunter began the quest for the Orb.
     0 | D:1      | Reached XP level 1. HP: 10/10 MP: 2/2
   199 | D:1      | Reached XP level 2. HP: 14/14 MP: 3/3
   844 | D:2      | Reached skill level 5 in Ranged Weapons
   844 | D:2      | Reached XP level 3. HP: 11/18 MP: 4/4
  1020 | D:2      | Found a faded altar of an unknown god.
  1511 | D:3      | Reached skill level 1 in Shapeshifting
  1554 | D:3      | Reached XP level 4. HP: 19/22 MP: 5/5
  1744 | D:3      | Found a shimmering altar of Xom.
  1998 | D:3      | Found a runed translucent door.
  1999 | D:3      | Noticed a bullfrog
  2003 | D:3      | Noticed niknal's ghost (amateur TeWr)
  2153 | D:3      | Reached XP level 5. HP: 25/25 MP: 6/6
  2194 | D:3      | Noticed Grinder
  2205 | D:3      | Paralysed by Grinder for 4 turns
  2322 | D:3      | Found a basalt altar of Yredelemnul.
  2388 | D:3      | Reached skill level 6 in Ranged Weapons
  3045 | D:4      | Noticed Blork the orc
  3223 | D:3      | Reached XP level 6. HP: 28/30 MP: 7/7
  3258 | D:4      | Found a glowing golden altar of the Shining One.
  3266 | D:4      | Noticed a water moccasin
  3283 | D:4      | Killed a water moccasin
  3406 | D:4      | Reached skill level 5 in Shapeshifting
  3422 | D:4      | Killed Blork the orc
  3549 | D:4      | Noticed Ijyb
  3741 | D:4      | Reached skill level 7 in Ranged Weapons
  3759 | D:4      | Killed Ijyb
  3760 | D:4      | Reached XP level 7. HP: 24/33 MP: 8/8
  3862 | D:4      | Noticed Duvessa
  3893 | D:4      | Killed Duvessa
  3931 | D:4      | Noticed Dowan
  4728 | D:5      | Entered Level 5 of the Dungeon
  4748 | D:5      | Found a broken altar of Ashenzari.
  4796 | D:5      | Reached skill level 8 in Ranged Weapons
  4922 | D:5      | Found a hide-covered altar of Uskayaw.
  4924 | D:5      | Noticed a yak
  4924 | D:5      | Noticed a two-headed ogre
  4934 | D:5      | Noticed Sigmund
  4949 | D:5      | Noticed a wraith
  4950 | D:5      | Noticed a yak
  5181 | D:5      | Found a transporter.
  5185 | D:5      | Killed Sigmund
  5186 | D:5      | Reached XP level 8. HP: 25/37 MP: 9/9
  5349 | D:5      | Found a staircase to the Ecumenical Temple.
  5358 | Temple   | Entered the Ecumenical Temple
  5398 | D:5      | Found a transporter.
  5419 | D:5      | Reached skill level 9 in Ranged Weapons
  5965 | D:6      | Reached skill level 10 in Ranged Weapons
  5969 | D:6      | Found an iron altar of Okawaru.
  5980 | D:6      | Found a stormy altar of Qazlal.
  6000 | D:6      | Became a worshipper of Qazlal Stormbringer
  6329 | D:7      | Reached XP level 9. HP: 41/41 MP: 10/10
  6433 | D:7      | Found a glowing silver altar of Zin.
  6476 | D:7      | Reached skill level 11 in Ranged Weapons
  7009 | D:7      | Reached * piety under Qazlal
  7078 | D:7      | Reached skill level 12 in Ranged Weapons
  7919 | D:8      | Reached skill level 13 in Ranged Weapons
  8123 | D:8      | Found a sacrificial altar of Ru.
  8425 | D:8      | Found a white marble altar of Elyvilon.
  8484 | D:9      | Noticed a troll
  8648 | D:9      | Reached XP level 10. HP: 46/46 MP: 11/11
  8662 | D:9      | Reached ** piety under Qazlal
  8944 | D:9      | Noticed Psyche
  8957 | D:9      | Killed Psyche
  9028 | D:9      | Reached skill level 5 in Dodging
  9135 | D:9      | Noticed Maggie
  9167 | D:9      | Killed Maggie
  9290 | D:9      | Identified the +9 hand axe of Skirmishing {freeze, +Blink
                  | rPois rC- Str+7}
  9290 | D:9      | Noticed Grum
  9398 | D:9      | Reached skill level 14 in Ranged Weapons
  9702 | D:9      | Killed Grum
 10033 | D:10     | Entered Level 10 of the Dungeon
 10127 | D:10     | Found a runed translucent door.
 10151 | D:10     | Noticed Lodul
 10315 | D:10     | Reached skill level 10 in Dodging
 10354 | D:10     | Noticed Josephine
 10402 | D:10     | Killed from afar by Lodul

Illustrated notes

Levels and vault maps discovered:
D:1:      giann_wishing_wells, layout_basic, ebering_dispersal_statue_hall,
          nicolae_figureground_sparkle
D:2:      layout_basic, hellmonk_ecumenical_altar_blasted
D:3:      layout_basic, xom_teletrap_fun, nicolae_yredelemnul_corpse_copse,
          ebering_ghost_sewer_d, minmay_tree_intersection,
          kennysheep_big_empty_room, minmay_misc_feat_pillars,
          minmay_misc_feat_iff, hangedman_glass_garden,
          minmay_fractal_squares_diagonal_5, uniq_grinder
D:4:      layout_loops_ring, old_standard_altar, uniq_ijyb, uniq_duvessa,
          uniq_blork_the_orc
D:5:      layout_rooms, gammafunk_temple_overflow_arena,
          mainiacjoe_overflow_small_starburst, minmay_temple_entry_junction,
          minmay_misc_feat_doors, uniq_sigmund
D:6:      layout_basic, okawaru_metal_pillars_1_2,
          nicolae_qazlal_beasts_of_the_sky, kennysheep_generic_room_2
D:7:      layout_basic, mainiacjoe_overflow_surrounded_room
D:8:      layout_loops_ring, mainiacjoe_overflow_alcove_4,
          nicolae_ru_the_path_less_chosen, kennysheep_nondescript
D:9:      layout_rooms, grunt_decor_one_mirror, uniq_grum, uniq_psyche,
          uniq_maggie
D:10:     layout_big_octagon, chei_slow_surprise, nicolae_trove_entry_columns,
          lightli_church_of_beogh, uniq_josephine, uniq_lodul, uniq_nergalle
Temple:   jpeg_temple_clearing

Skill      XL: |  1  2  3  4  5  6  7  8  9 10 |
---------------+-------------------------------+-----
Ranged Weapons | 5 6 7 8 10 13 14 | 14.0
Shapeshifting  | 1 2 4 5 7 |  7.0
Dodging        | 3 10 | 10.7
Fighting       | |  1.5
Stealth        | |  1.5

Action                     |  1- 3 |  4- 6 |  7- 9 | 10-12 || total
---------------------------+-------+-------+-------+-------++-------
  Melee: Shortbow          |       |     2 |       |       ||     2
   Fire: Shortbow          |   121 |   192 |   358 |   166 ||   837
    Use: Scroll            |       |     8 |     5 |     1 ||    14
         Potion            |       |       |       |     1 ||     1
 Armour: Robe              |    11 |    24 |    24 |    11 ||    70
  Dodge: Dodged            |    30 |    19 |    32 |    24 ||   105
  Block: Other             |       |       |     7 |    11 ||    18
         Reflection        |       |       |     2 |     3 ||     5
   Form: Beast             |     1 |       |       |       ||     1

Table legend: (Time is in decaauts)
 A = Elapsed time spent in this place.
 B = Non-inter-level travel time spent in this place.
 C = Inter-level travel time spent in this place.
 D = Time resting spent in this place.
 E = Time spent auto-exploring this place.
 F = Levels seen in this place.
 G = Mean time per level.
                   A        B        C        D        E       F      G
               +--------+--------+--------+--------+--------+-----+--------+
         Total |   7662 |   7290 |    372 |   1736 |   3890 |  11 |  696.5 |
       Dungeon |   7652 |   7288 |    364 |   1736 |   3890 |  10 |  765.2 |
        Temple |     10 |      2 |      8 |      0 |      0 |   1 |   10.0 |
               +--------+--------+--------+--------+--------+-----+--------+

Top non-repeatable levels by time:
     D:3: 1330 daAuts
     D:9: 1168 daAuts
     D:4: 1033 daAuts
     D:7: 985 daAuts
     D:5: 741 daAuts
     D:8: 710 daAuts
     D:2: 537 daAuts
     D:1: 511 daAuts
     D:6: 374 daAuts
    D:10: 258 daAuts
  Temple: 10 daAuts
